 Dungeon Crawl Stone Soup version 0.21.1-1-g345015fe64 (webtiles) character file.

487 DildoBatman the Skirmisher (level 7, -13/56 HPs)
             Began as a Formicid Enchanter on Apr 17, 2018.
             Mangled by an ogre
             ... wielding a +0 giant spiked club
              (27 damage)
             ... on level 5 of the Dungeon.
             The game lasted 00:10:56 (4400 turns).

DildoBatman the Skirmisher (Formicid Enchanter)     Turns: 4400, Time: 00:10:57

Health: -13/56     AC: 14    Str: 15    XL:     7   Next: 36%
Magic:  10/10      EV: 10    Int: 14    God:
Gold:   105        SH:  0    Dex: 14    Spells: 6/10 levels left

rFire    . . .     SeeInvis +   b - +1 mace (protect)
rCold    . . .     Gourm    .   (no shield)
rNeg     . . .     Faith    .   r - +0 scale mail
rPois    .         Spirit   .   (helmet unavailable)
rElec    .         Reflect  .   (no cloak)
rCorr    .         Harm     .   (no gloves)
MR       .....                  (no boots)
Stlth    +.........             (no amulet)
HPRegen  0.18/turn              o - +3 ring of dexterity
MPRegen  0.12/turn              (no ring)

@: protection aura, very slightly contaminated
A: permanent stasis, dig shafts and tunnels, four strong arms, antennae 3
a: Dig, Shaft Self


You were on level 5 of the Dungeon.
You were not hungry.

You visited 2 branches of the dungeon, and saw 6 of its levels.

You collected 105 gold pieces.

Inventory:

Hand Weapons
 a - a +1 whip of venom
 b - a +1 mace of protection (weapon)
Missiles
 c - 3 tomahawks
 d - 111 stones (quivered)
 h - 79 sling bullets
 t - 12 poisoned needles
 w - 38 arrows
Armour
 r - a +0 scale mail (worn)
Jewellery
 o - a +3 ring of dexterity (left hand)
Scrolls
 g - a scroll of enchant armour {unknown}
 j - 2 scrolls of blinking {unknown}
 l - 4 scrolls of remove curse {unknown}
 m - 4 scrolls of fog {unknown}
 q - a scroll of immolation {unknown}
 u - 2 scrolls of teleportation {unknown}
 z - 2 scrolls of identify {unknown}
 A - a scroll of magic mapping {unknown}
Potions
 e - 2 potions of mutation {unknown}
 f - 2 potions of invisibility {unknown}
 i - 2 potions of curing {unknown}
 n - a potion of might {unknown}
 s - 2 potions of agility {unknown}
 x - a potion of ambrosia {unknown}
Books
 p - a book of Cantrips

   Spells                             Type                      Level
   a - Confusing Touch                Hexes                        1
   b - Animate Skeleton               Necromancy                   1
   c - Summon Small Mammal            Summoning                    1
   d - Apportation                    Translocation                1
 y - a book of Maledictions

   Spells                             Type                      Level
   a - Corona                         Hexes                        1
   b - Ensorcelled Hibernation        Hexes/Ice                    2
   c - Confuse                        Hexes                        3
   d - Tukima's Dance                 Hexes                        3
   e - Dazzling Spray                 Conjuration/Hexes            3
 B - a book of Flames

   Spells                             Type                      Level
   a - Flame Tongue                   Conjuration/Fire             1
   b - Throw Flame                    Conjuration/Fire             2
   c - Conjure Flame                  Conjuration/Fire             3
   d - Inner Flame                    Hexes/Fire                   3
   e - Sticky Flame                   Conjuration/Fire             4
   f - Fireball                       Conjuration/Fire             5
Comestibles
 k - 2 chunks of flesh
 v - 4 rations


   Skills:
 * Level 5.3 Fighting
   Level 1.0 Short Blades
 * Level 1.4 Maces & Flails
 * Level 4.3 Armour
 * Level 2.2 Dodging
 * Level 4.3 Stealth
 - Level 2.1 Spellcasting
 - Level 3.6 Hexes


You had 6 spell levels left.
You knew the following spells:

 Your Spells              Type           Power        Failure   Level  Hunger
a - Corona                Hex            ##.....      19%         1    #......
b - Confuse               Hex            ##......     50%         3    ###....


Dungeon Overview and Level Annotations

Branches:
Dungeon (5/15)             Temple (1/1) D:4

Altars:
Fedhas
Gozag
Nemelex Xobeh
Okawaru
Qazlal
Ru
Trog
Wu Jian
Xom
Yredelemnul
Zin

Annotations:
D:3 exclusions: ogre and 1 more exclusion, Ijyb, Natasha


Innate Abilities, Weirdness & Mutations

You cannot be hasted, slowed, berserked, paralysed or teleported.
You can dig through walls and to a lower floor.
Your four strong arms can wield two-handed weapons with a shield.
You have a pair of large antennae on your head. (SInv)


Message History

You hit the centaur skeleton.
The centaur skeleton is severely damaged.
The centaur skeleton stops glowing.
The centaur skeleton closely misses you.
The gnoll barely misses you. The centaur skeleton barely misses you.
You hit the centaur skeleton.
The centaur skeleton is almost destroyed.
The gnoll hits you but does no damage. The centaur skeleton misses you.
The gnoll hits you but does no damage.
The centaur skeleton closely misses you.
You hit the centaur skeleton.
You destroy the centaur skeleton!
The centaur wields a shortbow.
The centaur shoots an arrow.
The arrow hits you! The gnoll hits you but does no damage.
The ogre hits you with a giant spiked club!!
You die...

##..# #..# #...###..#
##...#...# ##....)<.##
.####.........#
.5............##
#..............#####..#
#....{{###...#.......#
#.<..{##@#..#######..#
##...goO##..#
#...!.g..{..# ##
......##....##.# {
........h##.!.#
.........รท....######
........###...O.....
........###.........
...............#####


You could see an ogre, 2 gnolls and an orc.

Vanquished Creatures
  A howler monkey (D:5)
  A centaur zombie (D:5)
  2 orc priests
  3 hounds
  2 orc wizards (D:4)
  A centaur skeleton (D:5)
  A worker ant (D:5)
  A hound skeleton (D:5)
  5 adders
  An ooze (D:1)
  3 worms
  7 dart slugs
  3 leopard geckos
  6 orcs
  2 ball pythons (D:3)
  8 bats
  6 giant cockroaches
  8 goblins
  A hobgoblin (D:3)
  5 jackals
  3 kobolds
  A frilled lizard (D:1)
  A quokka skeleton (D:4)
  8 rats
80 creatures vanquished.

Notes
Turn   | Place    | Note
-------+----------+-------------------------------------------
     0 | D:1      | DildoBatman the Formicid Enchanter began the quest for the Orb.
     0 | D:1      | Reached XP level 1. HP: 13/13 MP: 3/3
    29 | D:1      | Reached skill level 1 in Fighting
    55 | D:1      | Reached XP level 2. HP: 16/21 MP: 3/5
   119 | D:1      | Reached skill level 2 in Fighting
   451 | D:1      | Reached XP level 3. HP: 14/28 MP: 6/6
   466 | D:1      | Learned a level 3 spell: Confuse
   768 | D:1      | Reached skill level 3 in Fighting
  1395 | D:2      | Reached skill level 1 in Armour
  1395 | D:2      | Reached XP level 4. HP: 32/35 MP: 4/7
  1651 | D:2      | Found a stormy altar of Qazlal.
  1740 | D:2      | Found an opulent altar of Gozag.
  1805 | D:2      | You fall through a shaft!
  2167 | D:3      | Reached XP level 5. HP: 27/41 MP: 8/8
  2190 | D:3      | Noticed Ijyb
  2404 | D:3      | Noticed Natasha
  2438 | D:4      | Noticed an ogre
  3008 | D:4      | Reached XP level 6. HP: 16/47 MP: 1/9
  3043 | D:4      | Reached skill level 1 in Maces & Flails
  3330 | D:4      | Noticed an ogre
  3404 | D:3      | Found a faded altar of an unknown god.
  3568 | D:4      | Found a staircase to the Ecumenical Temple.
  3588 | Temple   | Entered the Ecumenical Temple
  3703 | D:4      | Reached skill level 4 in Fighting
  4280 | D:5      | Entered Level 5 of the Dungeon
  4348 | D:5      | Reached skill level 5 in Fighting
  4348 | D:5      | Reached XP level 7. HP: 42/56 MP: 10/10
  4400 | D:5      | Mangled by an ogre

Skill      XL: |  1  2  3  4  5  6 |
---------------+-------------------+-----
Fighting       | 1 2 3 5 |  5.3
Dodging        | 2 |  2.2
Armour         | 1 2 3 4 |  4.3
Stealth        | 4 |  4.3
Maces & Flails | 1 |  1.4
Short Blades   | |  1.0
Spellcasting   | |  2.1
Hexes          | |  3.6

Action                   |  1- 3 |  4- 6 |  7- 9 || total
-------------------------+-------+-------+-------++-------
Melee: Dagger            |   102 |       |       ||   102
       Whip              |    12 |   180 |     5 ||   197
       Rapier            |     1 |       |       ||     1
       Mace              |       |    10 |    29 ||    39
 Cast: Corona            |     9 |    16 |     2 ||    27
       Confuse           |       |     1 |       ||     1
 Abil: Dig               |       |     3 |     1 ||     4
 Stab: Sleeping          |     6 |     3 |       ||     9
  Eat: Chunk             |     2 |    10 |     1 ||    13
Armor: Robe              |    17 |       |       ||    17
       Leather armour    |    14 |     1 |       ||    15
       Scale mail        |       |    83 |    39 ||   122
Dodge: Dodged            |    76 |   127 |    28 ||   231
